 Dungeon Crawl Stone Soup version 0.29.0-5-ge4962eb29e (webtiles) character file.

Game seed: 5888074772954145390

189 ImASeal the Conjurer (level 5, 0/25 HPs)
             Began as a Vine Stalker Conjurer on Aug 29, 2022.
             Succumbed to a scorpion's poison
             ... on level 4 of the Dungeon.
             The game lasted 00:11:23 (3049 turns).

ImASeal the Conjurer (Vine Stalker Conjurer)        Turns: 3049, Time: 00:11:23

Health: 0/25       AC:  3    Str:  5    XL:     5   Next: 68%
Magic:  1/10       EV: 12    Int: 23    God:
Gold:   66         SH:  0    Dex: 13    Spells: 6/9 levels left

rFire   . . .      SeeInvis .   r - +3 mace of Balance {freeze, rPois Str-4 Int+3}
rCold   . . .      Faith    .   (no shield)
rNeg    . . .      Spirit   +   a - +0 robe
rPois   +          Reflect  .   (no helmet)
rElec   .          Harm     .   (no cloak)
rCorr   +          Rampage  .   k - +0 pair of gloves
Will    .....                   (no boots)
Stlth   ++........              (no amulet)
HPRegen 0.88/turn               m - ring of resist corrosion
MPRegen 0.12/turn               t - ring of flight

@: lethally poisoned (0 -> -5), flying
A: fangs 2, regeneration 1, magic shield, antimagic bite, no potion heal 2
a: no special abilities


You were on level 4 of the Dungeon.
You visited 1 branch of the dungeon, and saw 4 of its levels.

You collected 66 gold pieces.

Inventory:

Hand Weapons
 r - the +3 mace of Balance (weapon) {freeze, rPois Str-4 Int+3}
   (You took it off a kobold on level 2 of the Dungeon)

   It freezes those it strikes, dealing additional cold damage.
   It can also slow down cold-blooded creatures.
   Str:       It affects your strength (-4).
   Int:       It affects your intelligence (+3).
   rPois:     It protects you from poison.
Missiles
 j - a throwing net
 l - 6 large rocks
Armour
 a - a +0 robe (worn)
 k - a +0 pair of gloves (worn)
Magical Staves
 g - a staff of air
Jewellery
 m - a ring of resist corrosion (left hand)
 t - a ring of flight (right hand)
Wands
 n - a wand of polymorph (9)
Scrolls
 e - a scroll of identify
 f - 4 scrolls of blinking
 p - 2 scrolls of noise
 q - a scroll of teleportation
 u - 2 scrolls of immolation
 v - a scroll of brand weapon
Potions
 b - a potion of magic
 c - 2 potions of heal wounds {unknown}
 d - 2 potions of mutation
 h - 2 potions of resistance {unknown}
 o - a potion of lignification {unknown}
 s - 2 potions of degeneration {unknown}
 w - a potion of curing {unknown}


   Skills:
 + Level 0.4 Fighting
 + Level 1.9 Dodging
 + Level 3.6 Stealth
 + Level 2.6 Spellcasting
 + Level 5.9 Conjurations


You had 6 spell levels left.
You knew the following spells:

 Your Spells              Type           Power      Damage    Failure   Level
a - Magic Dart            Conj           100%       1d8       1%          1
b - Searing Ray           Conj           60%        2d6       1%          2

Your spell library contained the following spells:

 Spells                   Type           Power      Damage    Failure   Level
 Dazzling Flash           Conj/Hex       32%        N/A       11%         3
 Apportation              Tloc           6%         N/A       12%         1
 Beastly Appendage        Tmut           6%         N/A       12%         1
 Wereblood                Tmut           3%         N/A       19%         2
 Spider Form              Tmut/Pois      3%         N/A       34%         3
 Fulminant Prism          Conj/Hex       8%         3d7       34%         4
 Iskenderun's Mystic Bla  Conj/Tloc      16%        2d5       34%         4
 Alistair's Intoxication  Tmut/Pois      2%         N/A       97%         5


Dungeon Overview and Level Annotations

Branches:
Dungeon (4/15)
 Temple: D:4-7

Altars:
Cheibriados
Okawaru
Ru
Zin
The Shining One

Shops:
D:2 (


Innate Abilities, Weirdness & Mutations

You have extremely sharp teeth.
Your natural rate of healing is unusually fast.
When hurt, damage is shared between your health and your magic reserves.
Your bite disrupts and absorbs the magic of your enemies.
Potions cannot restore your health.


Message History

Casting: Magic Dart (safe; 1% risk of failure)
Confirm with . or Enter, or press ? or * to list all spells.
Aiming: Searing Ray (safe; 1% risk of failure)
Press: ? - help, Shift-Dir - straight line, f/p - scorpion
Aim: a scorpion (heavily wounded, 79% to hit)
The searing ray hits the scorpion.
The scorpion is heavily wounded. (Press . to maintain the ray.)
The searing ray hits the scorpion but does no damage.
The scorpion is heavily wounded.
The scorpion stings you.
You are poisoned.
The scorpion poisons you!
Casting: Searing Ray (safe; 1% risk of failure)
Confirm with . or Enter, or press ? or * to list all spells.
Aiming: Magic Dart (safe; 1% risk of failure)
Press: ? - help, Shift-Dir - straight line, f/p - scorpion
Aim: a scorpion (heavily wounded, 100% to hit)
The magic dart hits the scorpion.
The scorpion is heavily wounded.
You feel sick. The scorpion stings you.
Casting: Magic Dart (safe; 1% risk of failure)
Confirm with . or Enter, or press ? or * to list all spells.
Aiming: Searing Ray (safe; 1% risk of failure)
Press: ? - help, Shift-Dir - straight line, f/p - scorpion
Aim: a scorpion (heavily wounded, 79% to hit)
The searing ray hits the scorpion!
The scorpion is almost dead. (Press . to maintain the ray.)
You feel sick. The scorpion stings you.
You are more poisoned.
The scorpion poisons you!
Without enough magic to sustain it, your searing ray dissipates.
You feel very sick. The scorpion stings you!
* * * LOW HITPOINT WARNING * * *
The scorpion stings you but does no damage.
As you read the scroll of butterflies, it crumbles to dust.
You hear the tinkle of a tiny bell.
You die... ##...## ##.....## ##.......## #.........# +........# #.bbbbb.# #bbsbb#

#b@bb# ##bbb#
##b## #.# #.#
##.## ##...##
#.....###
######...##.#


You could see a scorpion (ally target).

Vanquished Creatures
  An iron imp (D:3)
  3 gnolls
  9 adders
  A dart slug (D:1)
  4 bats
  4 endoplasms
  2 giant cockroaches (D:2)
  9 goblins
  4 hobgoblins
  3 jackals (D:1)
  A quokka (D:1)
  4 ball pythons
  7 kobolds
  3 rats
55 creatures vanquished.

Notes
Turn   | Place    | Note
-------+----------+-------------------------------------------
     0 | D:1      | ImASeal the Vine Stalker Conjurer began the quest for the
                  | Orb.
     0 | D:1      | Reached XP level 1. HP: 9/9 MP: 4/4
   270 | D:1      | Reached XP level 2. HP: 13/13 MP: 0/6
  1052 | D:2      | Reached XP level 3. HP: 11/16 MP: 0/7
  1195 | D:2      | Learned a level 2 spell: Searing Ray
  1217 | D:2      | Found a glowing silver altar of Zin.
  1229 | D:2      | Found a faded altar of an unknown god.
  1360 | D:2      | Reached skill level 5 in Conjurations
  1544 | D:2      | Gained mutation: Your natural rate of healing is unusually
                  | fast. [Vine Stalker growth]
  1544 | D:2      | Reached XP level 4. HP: 21/21 MP: 6/8
  1744 | D:2      | Found Xagruc's Weapon Shop.
  1789 | D:2      | Identified the +3 mace of Balance {freeze, rPois Str-4
                  | Int+3}
  2098 | D:3      | Found a glowing golden altar of the Shining One.
  2229 | D:3      | Reached XP level 5. HP: 25/25 MP: 0/9
  2342 | D:3      | Found a snail-covered altar of Cheibriados.
  2487 | D:3      | Found a sacrificial altar of Ru.
  2638 | D:3      | Found an iron altar of Okawaru.
  3049 | D:4      | Succumbed to a scorpion's poison

Illustrated notes

Levels and vault maps discovered:
D:1:      saegor_arrival_simple_e, layout_rooms
D:2:      minmay_door_path, layout_basic, basic_altar, serial_shops,
          nicolae_shop_bloodbath_and_beyond,
          hellmonk_ecumenical_altar_pennies_from_heaven
D:3:      layout_rooms, mainiacjoe_overflow_boulevard, slow_altar_2,
          mainiacjoe_overflow_24_doors, okawaru_altar_gauntlet_db
D:4:      layout_loops_corners, grunt_temple_overflow_opulence,
          fedhas_altar_fruit_tree

Skill      XL: |  1  2  3  4  5 |
---------------+----------------+-----
Conjurations   | 5 |  5.9
Stealth        | 3 |  3.6
Fighting       | |  0.4
Dodging        | |  1.9
Spellcasting   | |  2.6

Action                   |  1- 3 |  4- 6 || total
-------------------------+-------+-------++-------
Melee: Unarmed           |    10 |       ||    10
       Staff             |     3 |       ||     3
       Bite              |     2 |     1 ||     3
       Mace              |       |    11 ||    11
 Cast: Magic Dart        |    42 |    43 ||    85
       Searing Ray       |     4 |    14 ||    18
  Use: Scroll            |       |     8 ||     8
Armor: Robe              |     2 |    10 ||    12
Dodge: Dodged            |    14 |    15 ||    29
